 Dungeon Crawl Stone Soup version 0.22.1-1-ga44c0e56f4 (webtiles) character file.

39 LLavrengius the Slasher (level 3, -8/29 HPs)
             Began as a Barachi Skald on Oct 30, 2018.
             Mangled by Terence
             ... wielding a +0 trident
              (14 damage)
             ... on level 2 of the Dungeon.
             The game lasted 00:05:51 (1141 turns).

LLavrengius the Slasher (Barachi Skald)             Turns: 1141, Time: 00:05:51

Health: -8/29      AC:  4    Str: 13    XL:     3   Next: 47%
Magic:  4/6        EV: 12    Int: 13    God:
Gold:   48         SH:  0    Dex: 11    Spells: 3/6 levels left

rFire    . . .     SeeInvis .   a - +0 falchion
rCold    . . .     Gourm    .   (no shield)
rNeg     . . .     Faith    .   b - +0 leather armour
rPois    .         Spirit   .   (no helmet)
rElec    .         Reflect  .   (no cloak)
rCorr    .         Harm     .   f - +0 pair of gloves
MR       .....                  (no boots)
Stlth    +.........             (no amulet)
HPRegen  0.09/turn              (no ring)
MPRegen  0.10/turn              (no ring)

@: slow
A: +LOS, swims, slowness 1, strong legs 1
a: Hop


You were on level 2 of the Dungeon.
You were not hungry.

You visited 1 branch of the dungeon, and saw 2 of its levels.

You collected 48 gold pieces.

Inventory:

Hand Weapons
 a - a +0 falchion (weapon)
Armour
 b - a +0 leather armour (worn)
 f - a +0 pair of gloves (worn)
 l - a +0 cloak
Scrolls
 c - a scroll of fog {unknown}
 j - a scroll of identify {unknown}
 k - 5 scrolls of remove curse {unknown}
 m - a scroll of fear {unknown}
 q - a scroll of blinking {unknown}
Potions
 e - a potion of agility {unknown}
 g - 2 potions of magic {unknown}
 h - a potion of ambrosia {unknown}
 i - a potion of curing {unknown}
 n - a potion of heal wounds {unknown}
 o - a potion of mutation {unknown}
 r - a potion of might
Comestibles
 d - 2 rations
 p - 2 chunks of flesh


   Skills:
 + Level 3.0 Fighting
 * Level 3.6 Long Blades
 - Level 1.2 Armour
 + Level 2.7 Dodging
 + Level 2.3 Spellcasting
 - Level 3.2 Charms


You had 3 spell levels left.
You knew the following spells:

 Your Spells              Type           Power        Failure   Level  Hunger
a - Infusion              Chrm           ##..         9%          1    #......
b - Song of Slaying       Chrm           ##......     12%         2    ###....

Your spell library contained the following spells:

 Spells                   Type           Power        Failure   Level  Hunger
 Shroud of Golubria       Chrm/Tloc      #.........   24%         2    ###....
 Regeneration             Chrm/Necr      #.........   43%         3    ###....
 Spectral Weapon          Hex/Chrm       #.......     43%         3    ###....


Dungeon Overview and Level Annotations

Branches:
Dungeon (2/15)

Altars:

Annotations:
D:2 Terence


Innate Abilities, Weirdness & Mutations

Shadows flee at your approach. (+LOS)
You can swim through water.
You cover ground slowly.
You can hop short distances.


Message History

Some of the chunks of flesh in your inventory have rotted away.
Found 7 gold pieces.
Found a stone staircase leading up.
You see here 7 gold pieces.
The goblin shouts!
You hear a shout!
An adder comes into view.
The goblin barely misses you.
A rat comes into view.
Found a fuming pink potion.
You closely miss the goblin. The goblin barely misses you.
You riposte.
You hit the goblin.
You kill the goblin!
A rat comes into view.
Terence hits you but does no damage. Terence barely misses you.
You riposte.
You hit Terence but do no damage.
You see here 7 gold pieces.
Terence drinks a potion.
Terence seems to grow stronger.
A goblin comes into view.
Terence hits you but does no damage.
Terence hits you from afar with a trident!
You die...

### #. . #.. .. r.
#.###. .r. #....
.... #.#<# ....!
#...# # ......
#.#.#.#
.....r.####@S@..#
.......g..$...###
.......####.#.....#
####.# ###.##..# #
#.. .# #... #.##.
... .. ### .#


You could see Terence, an adder and a goblin.

Vanquished Creatures
  An adder (D:2)
  An ooze (D:1)
  A dart slug (D:1)
  2 leopard geckos (D:2)
  4 bats
  2 goblins (D:2)
  2 hobgoblins
  2 jackals
  2 kobolds (D:2)
  2 ball pythons (D:2)
  2 frilled lizards (D:1)
21 creatures vanquished.

Notes
Turn   | Place    | Note
-------+----------+-------------------------------------------
     0 | D:1      | LLavrengius the Barachi Skald began the quest for the Orb.
     0 | D:1      | Reached XP level 1. HP: 17/17 MP: 3/3
   176 | D:1      | Reached XP level 2. HP: 20/23 MP: 5/5
   272 | D:1      | Learned a level 2 spell: Song of Slaying
   946 | D:2      | Reached XP level 3. HP: 20/28 MP: 6/6
  1133 | D:2      | Noticed Terence
  1141 | D:2      | Mangled by Terence

Skill      XL: |  1  2  3 |
---------------+----------+-----
Long Blades    | 3 |  3.6
Fighting       | 3 |  3.0
Armour         | |  1.2
Dodging        | |  2.7
Spellcasting   | |  2.3
Charms         | |  3.2

Action                   || total
-------------------------++-------
Melee: Falchion          ||    62
 Cast: Infusion          ||     3
 Stab: Sleeping          ||     1
  Eat: Chunk             ||     1
Armor: Leather armour    ||    32
Dodge: Dodged            ||    63
       Rpst.: Falchion   ||    23
